 Dungeon Crawl Stone Soup version 0.20-a0-984-ge8aa303 (webtiles) character file.

14518 nikopol the Cleaver (level 12, 0/115 HPs)
             Began as a Gargoyle Berserker on Apr 10, 2017.
             Was an Elder of Trog.
             Slain by an orc knight
             ... wielding a +0 great sword
              (6 damage)
             ... on level 10 of the Dungeon.
             The game lasted 00:34:00 (14352 turns).

nikopol the Cleaver (Gargoyle Berserker)           Turns: 14352, Time: 00:34:01

Health: 0/115      AC: 23    Str: 28    XL:     12   Next: 17%
Magic:  12/12      EV: 14    Int:  8    God:    Trog [****..]
Gold:   666        SH:  0    Dex: 12    Spells: 11/11 levels left

rFire    . . .     SeeInvis .   a - +0 hand axe
rCold    . . .     Gourm    .   (no shield)
rNeg     + . .     Faith    .   q - +0 scale mail
rPois    ∞         Spirit   .   y - +1 helmet
rElec    +         Reflect  .   J - +0 cloak
rCorr    .         Harm     +   t - +0 pair of gloves
MR       .....                  I - +0 pair of boots
Stlth    ..........             g - amulet of harm
Regen    0.3/turn               (no ring)
MPRegen  0.2/turn               (no ring)

@: berserking (expiring), very quick
A: negative energy resistance 1, electricity resistance, unbreathing,
petrification resistance, rot immunity, AC +8
a: Berserk, Trog's Hand, Brothers in Arms, Burn Spellbooks, Renounce Religion


You were on level 10 of the Dungeon.
You worshipped Trog.
Trog was greatly pleased with you.
You were very hungry.

You visited 2 branches of the dungeon, and saw 11 of its levels.

You collected 666 gold pieces.

Inventory:

Hand Weapons
 a - a +0 hand axe (weapon)
 z - a +1 shortbow of flaming
 P - a +0 shortbow
Missiles
 j - 218 arrows (quivered)
Armour
 q - a +0 scale mail (worn)
 t - a +0 pair of gloves (worn)
 y - a +1 helmet (worn)
 I - a +0 pair of boots (worn)
 J - a +0 cloak (worn)
Jewellery
 g - an amulet of harm (around neck)
 m - an uncursed ring of ice {unknown}
Wands
 x - a wand of iceblast (6/15)
 A - a wand of scattershot (5/9)
 D - a wand of paralysis (10/24)
 N - a wand of paralysis (11/24)
Scrolls
 b - 2 scrolls of amnesia {unknown}
 d - 4 scrolls of magic mapping {unknown}
 e - 5 scrolls of fog {unknown}
 f - a scroll of recharging {unknown}
 k - 4 scrolls of immolation {unknown}
 l - a scroll of blinking {unknown}
 s - 8 scrolls of remove curse {unknown}
 u - 2 scrolls of enchant weapon {unknown}
 v - a scroll of torment {unknown}
 w - 2 scrolls of enchant armour {unknown}
 E - 5 scrolls of teleportation {unknown}
 L - 2 scrolls of identify
 O - a scroll of noise {unknown}
Potions
 n - a potion of berserk rage
 o - a potion of brilliance {unknown}
 p - a potion of resistance
 r - 3 potions of heal wounds
 B - 2 potions of flight
 C - a potion of invisibility {unknown}
 F - 2 potions of curing {unknown}
 G - 3 potions of agility
 H - 3 potions of mutation {unknown}
 K - a potion of ambrosia {unknown}
Comestibles
 c - 10 bread rations
 h - 5 meat rations
 i - 16 fruits
 M - a royal jelly


   Skills:
 + Level 9.6 Fighting
 * Level 9.9 Axes
 * Level 8.6 Bows
 + Level 9.2 Armour
 + Level 7.1 Dodging


You had 11 spell levels left.
You didn't know any spells.

Dungeon Overview and Level Annotations

Branches:
Dungeon (10/15)            Temple (0/1) D:4            Lair (1/6) D:8
    Orc: D:9-12

Altars:
Fedhas
Kikubaaqudgha
Uskayaw
Wu Jian
Xom

Shops:
D:6 }   D:8 =


Innate Abilities, Weirdness & Mutations

You are resistant to torment.
Your stone body is resilient. (AC +8)
You are immune to poison.
You resist negative energy. (rN+)
You are resistant to electric shocks. (rElec)
You can survive without breathing.
You are immune to petrification.
You are immune to rotting.


Message History

The orc knight is heavily wounded.
You hit the orc knight.
The orc knight is heavily wounded.
You closely miss the orc knight.
The orc knight is heavily wounded.
The orc knight hits you with a great sword.
* * * LOW HITPOINT WARNING * * *
You hit the orc knight.
The orc knight is heavily wounded.
You slash the orc knight!
The orc knight is severely wounded.
The orc knight barely misses you.
The ogre mage mumbles some strange words.
The ogre mage blinks!
You slash the orc knight!
The orc knight is almost dead.
You hit the orc knight but do no damage.
The orc knight is almost dead.
The orc knight hits you with a great sword.
You die...

#..## ##..# # ##..## (( ##..## #
##..####### ##(# #..## #
##..##.#.#}## #.(. ##..####
#..##..#.#..## #.O# ##.....
#.##...#.#...###.§# ##...#
#.#(...#.#....#Z(# #.#.#
#.#####...#####o# #....
##.......⌠....)@# #.#.#
#..#####...###### #...#
#..#....#.#....# #...#
#..##...#.#...### ##...#
#...##..#.#..##.## ##....#
#.#..##.#.#.##...## ##..#..#
#.##..#######.....#######..##..#
#.............#.#.........###..#
####............................


You could see an orc knight, an ogre mage and a centaur skeleton.

Vanquished Creatures
  A deep elf annihilator (D:10)
  A centaur warrior (D:10)
  4 two-headed ogres
  A cyclops (D:10)
  2 spiny frogs (Lair:1)
  A komodo dragon (Lair:1)
  4 blink frogs (Lair:1)
  6 hippogriffs
  A dream sheep (Lair:1)
  2 spriggans (Lair:1)
  2 basilisks (Lair:1)
  6 yaks
  A wyvern (D:8)
  Grum (Lair:1)
  A wraith (D:10)
  A hungry ghost (D:7)
  A vampire mosquito (D:10)
  A soldier ant (D:10)
  2 acid dragons (D:10)
  3 porcupines (Lair:1)
  3 water moccasins
  4 ice beasts
  Duvessa (D:4)
  2 orc warriors
  A black bear (D:8)
  A sky beast (D:10)
  A phantom (D:5)
  8 ogres
  5 wolves (Lair:1)
  4 centaurs
  2 crocodiles (Lair:1)
  4 bullfrogs
  A big kobold (D:7)
  Dowan (D:4)
  A water moccasin zombie (D:8)
  3 scorpions
  4 killer bees (D:7)
  3 wights (D:6)
  A howler monkey (D:6)
  A bullfrog zombie (D:8)
  2 jellies (D:10)
  A centaur zombie (D:5)
  2 orc priests (D:9)
  4 orc wizards
  3 bullfrog skeletons
  4 hounds
  3 iguanas
  9 worker ants
  A hound skeleton (D:7)
  3 gnolls (D:10)
  8 adders
  A shadow imp (D:5)
  An ooze (D:6)
  2 adder skeletons
  2 adder zombies
  2 worms
  2 dart slugs (D:3)
  3 leopard geckos
  7 orcs
  5 bats
  A giant cockroach (D:2)
  4 goblins
  9 hobgoblins
  9 jackals
  5 quokkas
  A ball python (D:8)
  3 frilled lizards
  10 kobolds
  A quokka skeleton (D:6)
  9 rats
  18 fungi (D:8)
  12 plants
240 creatures vanquished.

Vanquished Creatures (others)
  A fungus (D:8)
  A plant (Lair:1)
2 creatures vanquished.

Grand Total: 242 creatures vanquished

Notes
Turn   | Place    | Note
-------+----------+-------------------------------------------
     0 | D:1      | nikopol the Gargoyle Berserker began the quest for the Orb.
     0 | D:1      | Reached XP level 1. HP: 14/14 MP: 1/1
     7 | D:1      | Noticed a hog
     7 | D:1      | Noticed a black bear
     7 | D:1      | Noticed a lindwurm
     7 | D:1      | Noticed a rime drake
   162 | D:1      | Reached XP level 2. HP: 18/19 MP: 2/2
   634 | D:2      | Reached ** piety under Trog
  1098 | D:2      | Reached XP level 3. HP: 15/23 MP: 3/3
  2051 | D:3      | Reached XP level 4. HP: 29/29 MP: 4/4
  2690 | D:4      | Noticed an ogre
  2699 | D:4      | Killed an ogre
  2699 | D:4      | Reached XP level 5. HP: 7/33 MP: 5/5
  2988 | D:4      | Found a staircase to the Ecumenical Temple.
  3070 | D:4      | Reached XP level 6. HP: 38/39 MP: 6/6
  3432 | D:4      | Noticed Duvessa
  3432 | D:4      | Noticed Dowan
  3448 | D:4      | Killed Duvessa
  3476 | D:4      | Killed Dowan
  4060 | D:4      | Reached XP level 7. HP: 37/44 MP: 7/7
  4197 | D:5      | Entered Level 5 of the Dungeon
  4255 | D:5      | Reached skill level 5 in Fighting
  4392 | D:5      | Reached *** piety under Trog
  4460 | D:5      | Reached skill level 5 in Armour
  5345 | D:6      | Reached XP level 8. HP: 50/51 MP: 8/8
  5566 | D:6      | Reached skill level 5 in Axes
  5958 | D:6      | Found a shimmering altar of Xom.
  6040 | D:6      | Found Ecoaraim's Gadget Boutique.
  7068 | D:7      | Found a blossoming altar of Fedhas.
  7070 | D:7      | Found an ancient bone altar of Kikubaaqudgha.
  7275 | D:7      | Reached XP level 9. HP: 41/56 MP: 9/9
  7288 | D:7      | Reached skill level 1 in Bows
  7521 | D:7      | Found an ornate altar of the Wu Jian Council.
  7624 | D:8      | Found Vuph's Jewellery Boutique.
  7661 | D:8      | Reached skill level 5 in Dodging
  7668 | D:8      | Reached **** piety under Trog
  7872 | D:8      | Noticed a two-headed ogre
  7902 | D:8      | Killed a two-headed ogre
  7902 | D:8      | Received a gift from Trog
  7906 | D:8      | Reached XP level 10. HP: 64/64 MP: 10/10
  8051 | D:8      | Noticed a two-headed ogre
  8064 | D:8      | Killed a two-headed ogre
  8798 | D:8      | Found a staircase to the Lair.
  9051 | D:8      | Reached skill level 5 in Bows
  9289 | Lair:1   | Entered Level 1 of the Lair of Beasts
  9887 | Lair:1   | Received a gift from Trog
  9996 | Lair:1   | Noticed a spiny frog
 10009 | Lair:1   | Killed a spiny frog
 10009 | Lair:1   | Reached XP level 11. HP: 66/69 MP: 11/11
 10435 | Lair:1   | Noticed Grum
 10455 | Lair:1   | Killed Grum
 11391 | D:9      | Noticed a two-headed ogre
 11406 | D:9      | Killed a two-headed ogre
 11710 | D:9      | Found a hide-covered altar of Uskayaw.
 11863 | D:10     | Entered Level 10 of the Dungeon
 11907 | D:10     | Noticed a two-headed ogre
 11908 | D:10     | Noticed a centaur warrior
 11970 | D:10     | Killed a two-headed ogre
 12972 | D:10     | Killed a centaur warrior
 13312 | D:10     | Noticed a cyclops
 13327 | D:10     | Killed a cyclops
 13849 | D:10     | Reached XP level 12. HP: 31/76 MP: 12/12
 13866 | D:10     | Paralysed by fainting for 12 turns
 14321 | D:10     | Noticed an ogre mage
 14325 | D:10     | Noticed a deep elf annihilator
 14338 | D:10     | Killed a deep elf annihilator
 14348 | D:10     | HP: 5/115 [orc knight/great sword (3)]
 14352 | D:10     | Slain by an orc knight

Vault maps used:
D:1:      onia_arrival_zoo_common, hex_large
D:3:      first_bread
D:4:      wad_lake_hut, temple_statues, uniq_duvessa
D:6:      lemuel_ice_spiral_2, serial_shops, shop, tgw_xom
D:7:      kennysheep_mini, grunt_temple_overflow_growth_and_decay,
          minmay_misc_feat_rows
D:8:      grunt_lair_entry_orc_guard_hut, serial_shops, shop, grunt_ogre_cave
D:9:      kennysheep_mini_moat, minmay_misc_feat_tiny
D:10:     minmay_the_grid_octo_2x2
Lair:1:   wad_woods_tower, grunt_forest_small_clearings, uniq_grum

Skill      XL: |  1  2  3  4  5  6  7  8  9 10 11 |
---------------+----------------------------------+-----
Dodging        | 2 3 4 5 6 7 |  7.1
Axes           | 3 4 5 7 8 9 |  9.9
Armour         | 3 4 5 6 7 8 9 |  9.2
Fighting       | 4 5 6 7 8 9 |  9.6
Bows           | 4 6 8 |  8.6

Action                   |  1- 3 |  4- 6 |  7- 9 | 10-12 || total
-------------------------+-------+-------+-------+-------++-------
Melee: Hand axe          |   145 |   169 |   482 |   994 ||  1790
 Fire: Shortbow          |       |       |    21 |   146 ||   167
Invok: Berserk           |     1 |     2 |     3 |    15 ||    21
       Burn Spellbooks   |       |       |     1 |     1 ||     2
       Trog's Hand       |       |       |       |     1 ||     1
  Use: Scroll            |       |       |       |     9 ||     9
       Potion            |       |       |       |     1 ||     1
 Stab: Sleeping          |     1 |       |       |       ||     1
  Eat: Chunk             |     5 |     4 |    11 |    30 ||    50
       Fruit             |       |     1 |     1 |     3 ||     5
       Royal jelly       |       |     1 |     2 |       ||     3
       Bread ration      |       |       |       |     1 ||     1
Armor: Animal skin       |    37 |       |       |       ||    37
       Scale mail        |    21 |    94 |   238 |   307 ||   660
Dodge: Dodged            |    97 |    84 |   271 |   353 ||   805
